| TOP OF THE 1ST |
|
Pulaski Yankees batting - Pitching for Great Falls Voyagers : RHP Mark Fedor
|
|
Pitching: RHP Mark Fedor
|
|
|
Batting: RHB Bailey Hays
|
0-0: Ball 1-0: Ball 2-0: Foul Ball, location: 2F 2-1: Fly out, F9 (Flyball, 9LM, EV 85.0 MPH)
|
|
Batting: SHB Dylan Best
|
0-0: Ball 1-0: Swinging Strike 1-1: Ball 2-1: Swinging Strike 2-2: Foul Ball, location: 2F 2-2: Ball 3-2: Foul Ball, location: 2F 3-2: Fly out, F7 (Flyball, 78S, EV 90.6 MPH)
|
|
Batting: RHB Paul Ngumi
|
0-0: Ball 1-0: SINGLE (Groundball, 56D, EV 99.4 MPH)
|
|
Batting: RHB Ken Stair
|
0-0: Ball Paul Ngumi steals 2nd base 1-0: Ball 2-0: Foul Ball, location: 2F 2-1: Foul Ball, location: 2F 2-2: Foul Ball, location: 2F 2-2: Strikes out swinging
|
| Top of the 1st over - 0 runs, 1 hit, 0 errors, 1 left on base; Pulaski 0 - Great Falls 0 |
| BOTTOM OF THE 1ST |
|
Great Falls Voyagers batting - Pitching for Pulaski Yankees : LHP Allen Reisinger
|
|
Pitching: LHP Allen Reisinger
|
|
|
Batting: RHB Andy Cotton
|
0-0: Ball 1-0: Ball 2-0: Called Strike 2-1: Ball 3-1: Base on Balls
|
|
Batting: RHB Mitch Cuadros
|
0-0: Called Strike Andy Cotton steals 2nd base 0-1: Ball 1-1: Ball 2-1: Ball 3-1: Base on Balls
|
|
Batting: RHB Russ Cornett
|
0-0: Ball Andy Cotton steals 3rd base 1-0: Foul Ball, location: 2F 1-1: DOUBLE (Groundball, 5L, EV 105.6 MPH) Andy Cotton scores Mitch Cuadros to third Runner from 3rd tries for Home, SAFE, throw by LF to home
|
|
Batting: RHB Billy Grubbs
|
0-0: Called Strike 0-1: Ground out 6-3 (Groundball, 6, EV 88.8 MPH) Russ Cornett to third
|
|
Batting: RHB Jake Feinstein
|
0-0: Ball 1-0: Ball 2-0: Ball 3-0: Base on Balls
|
|
Batting: RHB Francisco Marin
|
0-0: DOUBLE (Flyball, 8LXD, EV 95.6 MPH) Russ Cornett scores Jake Feinstein to third
|
|
Batting: RHB Enrique Gomez
|
0-0: Foul Ball, location: 2F 0-1: Called Strike 0-2: Ball 1-2: Ball 2-2: Strikes out swinging
|
|
Batting: RHB David Cortez
|
0-0: Swinging Strike 0-1: Foul Ball, location: 2F 0-2: Foul Ball, location: 2F 0-2: Ball 1-2: Strikes out swinging
|
| Bottom of the 1st over - 3 runs, 2 hits, 0 errors, 2 left on base; Pulaski 0 - Great Falls 3 |
| TOP OF THE 2ND |
|
Pulaski Yankees batting - Pitching for Great Falls Voyagers : RHP Mark Fedor
|
|
Batting: RHB Jim O'Dwyer
|
0-0: Ball 1-0: Called Strike 1-1: Ball 2-1: Ground out 6-3 (Groundball, 6, EV 83.8 MPH)
|
|
Batting: RHB Mustafa bin Gamali
|
0-0: Ground out 5-3 (Groundball, 56S, EV 66.2 MPH)
|
|
Batting: RHB Edwin Sierra
|
0-0: Ground out 1-3 (Groundball, 15S, EV 66.9 MPH)
|
| Top of the 2nd over - 0 runs, 0 hits, 0 errors, 0 left on base; Pulaski 0 - Great Falls 3 |
| BOTTOM OF THE 2ND |
|
Great Falls Voyagers batting - Pitching for Pulaski Yankees : LHP Allen Reisinger
|
|
Batting: RHB Dave Dominguez
|
0-0: Ball 1-0: Called Strike 1-1: Ground out 4-3 (Groundball, 4, EV 86.2 MPH)
|
|
Batting: RHB Andy Cotton
|
0-0: Ball 1-0: Called Strike 1-1: Foul Ball, location: 2F 1-2: Strikes out swinging
|
|
Batting: RHB Mitch Cuadros
|
0-0: Ball 1-0: Ball 2-0: Foul Ball, location: 2F 2-1: Called Strike 2-2: Ball 3-2: Base on Balls
|
|
Batting: RHB Russ Cornett
|
0-0: Ball 1-0: Ball 2-0: Ball 3-0: Base on Balls Mitch Cuadros to second
|
|
Batting: RHB Billy Grubbs
|
0-0: Ball 1-0: Foul Ball, location: 2F 1-1: 3-RUN HOME RUN (Line Drive, 7D, EV 103.8 MPH), Distance : 390 ft
|
|
Batting: RHB Jake Feinstein
|
0-0: SINGLE (Groundball, 6MD, EV 94.4 MPH)
|
|
Pitching: LHP Jordan Medina
|
|
|
Batting: RHB Francisco Marin
|
0-0: Swinging Strike 0-1: Ball 1-1: Ball 2-1: Foul Ball, location: 2F 2-2: Ball 3-2: Base on Balls Jake Feinstein to second
|
|
Batting: RHB Enrique Gomez
|
0-0: Ball 1-0: Fielders Choice at 2nd, 6-4 (Groundball, 6, EV 107.5 MPH)
|
| Bottom of the 2nd over - 3 runs, 2 hits, 0 errors, 2 left on base; Pulaski 0 - Great Falls 6 |
| TOP OF THE 3RD |
|
Pulaski Yankees batting - Pitching for Great Falls Voyagers : RHP Mark Fedor
|
|
Batting: LHB Rip Log
|
0-0: Fly out, F8 (Line Drive, 8LD, EV 92.5 MPH)
|
|
Batting: RHB Juan Perez
|
0-0: Called Strike 0-1: Ball 1-1: Reached via error on a dropped throw from 2B, E3 (Groundball, P, EV 82.5 MPH)
|
|
Batting: RHB Bailey Hays
|
0-0: Ball 1-0: Called Strike Juan Perez steals 2nd base 1-1: Fly out, F7 (Flyball, 78M, EV 90.0 MPH)
|
|
Batting: SHB Dylan Best
|
0-0: Ground out 6-3 (Groundball, 6M, EV 89.4 MPH)
|
| Top of the 3rd over - 0 runs, 0 hits, 1 error, 1 left on base; Pulaski 0 - Great Falls 6 |
| BOTTOM OF THE 3RD |
|
Great Falls Voyagers batting - Pitching for Pulaski Yankees : LHP Jordan Medina
|
|
Batting: RHB David Cortez
|
0-0: Called Strike 0-1: Ball 1-1: Ball 2-1: Ball 3-1: Foul Ball, location: 2F 3-2: Foul Ball, location: 2F 3-2: Strikes out looking
|
|
Batting: RHB Dave Dominguez
|
0-0: SINGLE (Groundball, 56S, EV 69.4 MPH) (infield hit)
|
|
Batting: RHB Andy Cotton
|
0-0: Called Strike Dave Dominguez steals 2nd base (no throw) 0-1: Swinging Strike 0-2: Ball 1-2: Strikes out swinging
|
|
Batting: RHB Mitch Cuadros
|
0-0: Ball 1-0: Ball 2-0: Ball 3-0: Called Strike 3-1: Base on Balls
|
|
Batting: RHB Russ Cornett
|
0-0: Swinging Strike Passed Ball! Dave Dominguez to third Mitch Cuadros to second 0-1: Ball 1-1: Ball 2-1: Foul Ball, location: 2F 2-2: Foul Ball, location: 2F 2-2: Strikes out swinging
|
| Bottom of the 3rd over - 0 runs, 1 hit, 0 errors, 2 left on base; Pulaski 0 - Great Falls 6 |
| TOP OF THE 4TH |
|
Pulaski Yankees batting - Pitching for Great Falls Voyagers : RHP Mark Fedor
|
|
Batting: RHB Paul Ngumi
|
0-0: Ball 1-0: Ground out 6-3 (Groundball, 6, EV 91.2 MPH)
|
|
Batting: RHB Ken Stair
|
0-0: Ball 1-0: Fly out, F9 (Line Drive, 9LM, EV 105.6 MPH)
|
|
Batting: RHB Jim O'Dwyer
|
0-0: Ball 1-0: Ball 2-0: Called Strike 2-1: Ball 3-1: Base on Balls
|
|
Batting: RHB Mustafa bin Gamali
|
0-0: Called Strike 0-1: Swinging Strike 0-2: Ball 1-2: Foul Ball, location: 2F 1-2: Ball 2-2: Strikes out looking
|
| Top of the 4th over - 0 runs, 0 hits, 0 errors, 1 left on base; Pulaski 0 - Great Falls 6 |
| BOTTOM OF THE 4TH |
|
Great Falls Voyagers batting - Pitching for Pulaski Yankees : LHP Jordan Medina
|
|
Batting: RHB Billy Grubbs
|
0-0: Ball 1-0: Ball 2-0: Called Strike 2-1: Foul Ball, location: 2F 2-2: Hit by Pitch
|
|
Pitching: RHP Alex Roman
|
|
|
Batting: RHB Jake Feinstein
|
0-0: Swinging Strike 0-1: Ball 1-1: Ball 2-1: Foul Ball, location: 2F 2-2: Strikes out swinging
|
|
Batting: RHB Francisco Marin
|
0-0: Called Strike 0-1: Ball 1-1: Ball 2-1: Called Strike 2-2: Foul Ball, location: 2F 2-2: Ball 3-2: Base on Balls Billy Grubbs to second
|
|
Batting: RHB Enrique Gomez
|
0-0: Ball Wild Pitch! Billy Grubbs to third Francisco Marin to second 1-0: Ground out U3 (Groundball, 34, EV 83.8 MPH) Billy Grubbs scores Francisco Marin to third
|
|
Batting: RHB David Cortez
|
0-0: Called Strike 0-1: Swinging Strike 0-2: Reached on error, E5 (Groundball, 15, EV 90.6 MPH) Francisco Marin scores
|
|
Batting: RHB Dave Dominguez
|
0-0: Ball 1-0: Ball 2-0: Ball 3-0: Foul Ball, location: 2F 3-1: Foul Ball, location: 2F 3-2: Strikes out looking
|
| Bottom of the 4th over - 2 runs, 0 hits, 1 error, 1 left on base; Pulaski 0 - Great Falls 8 |
| TOP OF THE 5TH |
|
Pulaski Yankees batting - Pitching for Great Falls Voyagers : RHP Mark Fedor
|
|
Batting: RHB Edwin Sierra
|
0-0: Ball 1-0: Swinging Strike 1-1: Foul Ball, location: 2F 1-2: SINGLE (Groundball, 3D, EV 102.5 MPH)
|
|
Batting: LHB Rip Log
|
0-0: Called Strike 0-1: Foul Ball, location: 2F 0-2: Strikes out swinging
|
|
Batting: RHB Juan Perez
|
0-0: Fly out, F7 (Flyball, 7, EV 84.4 MPH)
|
|
Batting: RHB Bailey Hays
|
0-0: Ball 1-0: Foul Ball, location: 2F 1-1: Fielders Choice at 2nd, 6-4 (Groundball, 6, EV 89.4 MPH)
|
| Top of the 5th over - 0 runs, 1 hit, 0 errors, 1 left on base; Pulaski 0 - Great Falls 8 |
| BOTTOM OF THE 5TH |
|
Great Falls Voyagers batting - Pitching for Pulaski Yankees : RHP Alex Roman
|
|
Pitching: RHP Yoshida Abe
|
|
|
Batting: RHB Andy Cotton
|
0-0: Ball 1-0: Ball 2-0: Called Strike 2-1: Ball 3-1: Base on Balls
|
|
Batting: RHB Mitch Cuadros
|
0-0: Ball 1-0: Foul Ball, location: 2F 1-1: Ball Andy Cotton steals 2nd base 2-1: Called Strike 2-2: Ground out 6-3 (Groundball, 6, EV 75.6 MPH) Andy Cotton to third
|
|
Batting: RHB Russ Cornett
|
0-0: Ball 1-0: Ball 2-0: Foul Ball, location: 2F 2-1: Ball 3-1: Base on Balls
|
|
Batting: RHB Billy Grubbs
|
0-0: Ball 1-0: Ball 2-0: Swinging Strike 2-1: Called Strike 2-2: Strikes out swinging
|
|
Pitching: RHP Chris Bryant
|
|
|
Batting: RHB Jake Feinstein
|
0-0: Fielders Choice at 2nd, 6-4 (Groundball, 6, EV 84.4 MPH)
|
| Bottom of the 5th over - 0 runs, 0 hits, 0 errors, 2 left on base; Pulaski 0 - Great Falls 8 |
| TOP OF THE 6TH |
|
Pulaski Yankees batting - Pitching for Great Falls Voyagers : RHP Mark Fedor
|
|
Batting: SHB Dylan Best
|
0-0: Ball 1-0: Fly out, F8 (Flyball, 8RD, EV 100.0 MPH)
|
|
Batting: RHB Paul Ngumi
|
0-0: Ball 1-0: Ground out 4-3 (Groundball, 4, EV 83.1 MPH)
|
|
Batting: RHB Ken Stair
|
0-0: Ball 1-0: Called Strike 1-1: Called Strike 1-2: Ball 2-2: SINGLE (Line Drive, 56D, EV 100.0 MPH)
|
|
Batting: RHB Jim O'Dwyer
|
0-0: Foul Ball, location: 2F 0-1: Ball 1-1: Ball 2-1: Ball 3-1: Called Strike 3-2: Base on Balls Ken Stair to second
|
|
Batting: RHB Mustafa bin Gamali
|
0-0: Ball 1-0: Foul Ball, location: 2F 1-1: Ball 2-1: Fly out, F9 (Flyball, 89D, EV 90.6 MPH)
|
| Top of the 6th over - 0 runs, 1 hit, 0 errors, 2 left on base; Pulaski 0 - Great Falls 8 |
| BOTTOM OF THE 6TH |
|
Great Falls Voyagers batting - Pitching for Pulaski Yankees : RHP Chris Bryant
|
|
Batting: RHB Francisco Marin
|
0-0: Ball 1-0: Ground out 5-3 (Groundball, 56S, EV 64.4 MPH)
|
|
Batting: RHB Enrique Gomez
|
0-0: Foul Ball, location: 2F 0-1: Ball 1-1: Ball 2-1: Called Strike 2-2: Ball 3-2: Ground out 4-3 (Groundball, 4M, EV 91.9 MPH)
|
|
Batting: RHB David Cortez
|
0-0: Ball 1-0: Called Strike 1-1: Swinging Strike 1-2: Strikes out swinging
|
| Bottom of the 6th over - 0 runs, 0 hits, 0 errors, 0 left on base; Pulaski 0 - Great Falls 8 |
| TOP OF THE 7TH |
|
Pulaski Yankees batting - Pitching for Great Falls Voyagers : RHP Mark Fedor
|
|
Batting: RHB Edwin Sierra
|
0-0: Ground out 1-3 (Groundball, 23, EV 62.5 MPH)
|
|
Batting: LHB Rip Log
|
0-0: Foul Ball, location: 2F 0-1: Foul Ball, location: 2F 0-2: Foul Ball, location: 2F 0-2: Ball 1-2: Foul Ball, location: 2F 1-2: Foul Ball, location: 2F 1-2: SINGLE (Groundball, 4, EV 101.9 MPH)
|
|
Batting: RHB Juan Perez
|
0-0: Called Strike 0-1: Swinging Strike 0-2: Ball 1-2: Ball 2-2: Strikes out looking
|
|
Batting: RHB Bailey Hays
|
0-0: Called Strike 0-1: Ball 1-1: Ball 2-1: Ball 3-1: Base on Balls Rip Log to second
|
|
Pitching: LHP Craig Courcha
|
|
|
Batting: SHB Dylan Best
|
0-0: Ball 1-0: Ball 2-0: Called Strike 2-1: Swinging Strike 2-2: Ball 3-2: Strikes out swinging, 2-3 out at first.
|
| Top of the 7th over - 0 runs, 1 hit, 0 errors, 2 left on base; Pulaski 0 - Great Falls 8 |
| BOTTOM OF THE 7TH |
|
Great Falls Voyagers batting - Pitching for Pulaski Yankees : RHP Chris Bryant
|
|
Batting: RHB Dave Dominguez
|
0-0: Foul Ball, location: 2F 0-1: Fly out, F7 (Flyball, 7D, EV 101.9 MPH)
|
|
Batting: RHB Andy Cotton
|
0-0: Ball 1-0: Ball 2-0: SOLO HOME RUN (Line Drive, 7D, EV 104.4 MPH), Distance : 381 ft
|
|
Pitching: RHP Zack Young
|
|
|
Batting: RHB Mitch Cuadros
|
0-0: Ball 1-0: Fly out, F8 (Flyball, 8LS, EV 91.9 MPH)
|
|
Batting: RHB Russ Cornett
|
0-0: Ball 1-0: Called Strike 1-1: Ball 2-1: Ball 3-1: Base on Balls
|
|
Batting: RHB Billy Grubbs
|
0-0: Called Strike 0-1: Called Strike 0-2: Ball 1-2: Foul Ball, location: 2F 1-2: Strikes out swinging
|
| Bottom of the 7th over - 1 run, 1 hit, 0 errors, 1 left on base; Pulaski 0 - Great Falls 9 |
| TOP OF THE 8TH |
|
Pulaski Yankees batting - Pitching for Great Falls Voyagers : LHP Craig Courcha
|
|
Batting: RHB Paul Ngumi
|
0-0: Called Strike 0-1: Ball 1-1: Ball 2-1: Foul Ball, location: 2F 2-2: Fly out, F8 (Flyball, 8LM, EV 80.0 MPH)
|
|
Batting: RHB Ken Stair
|
0-0: Called Strike 0-1: Ball 1-1: Called Strike 1-2: Strikes out swinging
|
|
Batting: RHB Jim O'Dwyer
|
0-0: Foul Ball, location: 2F 0-1: Called Strike 0-2: Ball 1-2: Ball 2-2: Strikes out swinging
|
| Top of the 8th over - 0 runs, 0 hits, 0 errors, 0 left on base; Pulaski 0 - Great Falls 9 |
| BOTTOM OF THE 8TH |
|
Great Falls Voyagers batting - Pitching for Pulaski Yankees : RHP Zack Young
|
|
Batting: RHB Jake Feinstein
|
0-0: Ball 1-0: Foul Ball, location: 2F 1-1: Foul Ball, location: 2F 1-2: Strikes out swinging
|
|
Pinch Hitting: RHB Bill Stern
|
0-0: Ball 1-0: Called Strike 1-1: Ball 2-1: Foul Ball, location: 2F 2-2: Ball 3-2: Hit by Pitch
|
|
Pitching: RHP Mauricio Zambrana
|
|
|
Batting: RHB Enrique Gomez
|
0-0: Fielders Choice at 2nd, 3-6 (Groundball, 34S, EV 83.8 MPH)
|
|
Batting: RHB David Cortez
|
0-0: Called Strike 0-1: Ball 1-1: 2-RUN HOME RUN (Flyball, 9D, EV 93.1 MPH), Distance : 360 ft
|
|
Batting: RHB Dave Dominguez
|
0-0: Foul Ball, location: 2F 0-1: Foul Ball, location: 2F 0-2: Strikes out swinging
|
| Bottom of the 8th over - 2 runs, 1 hit, 0 errors, 0 left on base; Pulaski 0 - Great Falls 11 |
| TOP OF THE 9TH |
|
Pulaski Yankees batting - Pitching for Great Falls Voyagers : LHP Craig Courcha
|
|
Now at 1B: Bill Stern
|
|
|
Batting: RHB Mustafa bin Gamali
|
0-0: Foul Ball, location: 2F 0-1: Fly out, F8 (Flyball, 8RXD, EV 73.8 MPH)
|
|
Batting: RHB Edwin Sierra
|
0-0: Ball 1-0: Ball 2-0: Ball 3-0: Called Strike 3-1: Swinging Strike 3-2: Foul Ball, location: 2F 3-2: Foul Ball, location: 2F 3-2: Base on Balls
|
|
Pinch Hitting: RHB Yasuoka Tsuda
|
0-0: Ball 1-0: Called Strike 1-1: Ball 2-1: Ball 3-1: 2-RUN HOME RUN (Flyball, 78XD, EV 101.9 MPH), Distance : 405 ft
|
|
Pinch Hitting: LHB Chris Viehman
|
0-0: Foul Ball, location: 2F 0-1: Ball 1-1: Swinging Strike 1-2: Hit by Pitch
|
|
Batting: RHB Bailey Hays
|
0-0: Ball 1-0: Ball 2-0: Called Strike 2-1: Ball 3-1: Swinging Strike 3-2: Base on Balls Chris Viehman to second
|
|
Pitching: RHP Fred George
|
|
|
Batting: SHB Dylan Best
|
0-0: Called Strike 0-1: SINGLE (Line Drive, 78S, EV 98.8 MPH) Chris Viehman to third Bailey Hays to second
|
|
Pinch Hitting: RHB Victor Garcia
|
0-0: Called Strike 0-1: Ball 1-1: Foul Ball, location: 2F 1-2: Fly out, F9 (Flyball, 9D, EV 95.6 MPH) Runner from 3rd tags up, SCORES, no throw by RF Bailey Hays to third
|
|
Batting: RHB Ken Stair
|
0-0: Ball 1-0: Foul Ball, location: 2F 1-1: Ball 2-1: Ball 3-1: Called Strike 3-2: SINGLE (Line Drive, 8RS, EV 103.8 MPH) Bailey Hays scores Dylan Best to second Dylan Best to third
|
|
Pinch Hitting: LHB Troy Jones
|
0-0: Ball 1-0: Ball 2-0: SINGLE (Groundball, 56S, EV 70.6 MPH) (infield hit) Dylan Best scores Ken Stair to second
|
|
Pinch Hitting: LHB Victor Reyna
|
0-0: Called Strike 0-1: DOUBLE (Line Drive, 3D, EV 103.1 MPH) Ken Stair scores Troy Jones to third
|
|
Batting: RHB Edwin Sierra
|
0-0: Foul Ball, location: 2F 0-1: Foul Ball, location: 2F 0-2: Foul Ball, location: 2F 0-2: Ball 1-2: Foul Ball, location: 2F 1-2: Foul Ball, location: 2F 1-2: Strikes out swinging
|
| Top of the 9th over - 6 runs, 5 hits, 0 errors, 2 left on base; Pulaski 6 - Great Falls 11 |
|